AoeStats
← RiffRaff

Nomad

506229224Analyzed
4v4 RM · 19d ago on Sep 12, 2026· 52m 12s· 8 players
Game mode
Random Map
Map size
231×231
Population
200
Speed
Normal
Resources
Standard
Victory
Conquest
Starting age
Dark Age
Ending age
Imperial Age
RankedLock teamsTeams togetherTeam positionsShared explorationLock speedFull tech treeHidden civsTurbo modeCheats
Victory
Defeat
🇦🇷 Persians · Argentina
1612
+10
🇦🇷 Dravidians · Argentina
1511
+14
🇦🇷 Vietnamese · Argentina
1450
+17
🇦🇷 Portuguese · Argentina
1436
+17
🇧🇷 Spanish · Brazil
1505
-16
🇨🇭 Vietnamese · Switzerland
1493
-15
🇦🇷 Mongols · Argentina
1461
-14
1430
-13
PNLN | maromba_aoe
5:14 Loom
12:53 Feudal Age
17:12 Castle Age
16:30 Double-Bit Axe
16:51 Padded Archer Armor
16:50 Horse Collar
18:14 Bow Saw
23:47 Horse Collar
28:57 Wheelbarrow
29:15 Fletching
32:00 Leather Archer Armor
31:41 Bodkin Arrow
33:58 Hand Cart
38:37 Imperial Age
36:17 Scale Barding Armor
36:12 Scale Mail Armor
37:24 Chain Barding Armor
37:14 Forging
38:28 Bloodlines
38:18 Husbandry
39:39 Iron Casting
39:30 Cavalier
40:47 Plate Barding Armor
41:41 Blast Furnace
40:55 Bracer
50:48 Paladin
Combi | NITRAMDELANIEVE
3:56 Loom
20:21 Feudal Age
36:10 Castle Age
34:50 Horse Collar
35:56 Bloodlines
36:08 Gold Mining
37:40 Double-Bit Axe
38:05 Light Cavalry
40:56 Scale Barding Armor
42:41 Husbandry
49:59 Bow Saw
51:13 Chain Barding Armor
Bass
11:40 Loom
14:03 Feudal Age
14:50 Double-Bit Axe
15:04 Horse Collar
15:31 Town Watch
19:36 Fletching
23:08 Wheelbarrow
30:34 Castle Age
28:46 Stone Mining
30:09 Padded Archer Armor
31:33 Bodkin Arrow
32:03 Bow Saw
32:10 Gold Mining
43:11 Imperial Age
43:38 Leather Archer Armor
43:20 Capped Ram
44:01 Bracer
45:06 Parthian Tactics
45:13 Hand Cart
44:42 Siege Ram
46:30 Ballistics
47:11 Chemistry
46:18 Thumb Ring
46:15 Husbandry
48:18 Bloodlines
RiffRaff
6:53 Loom
10:21 Loom
12:44 Feudal Age
15:41 Fletching
23:38 Castle Age
23:25 Padded Archer Armor
24:20 Bodkin Arrow
27:54 Crossbowman
32:35 Double-Bit Axe
40:27 Wheelbarrow
40:08 Leather Archer Armor
41:59 Ballistics
42:03 Horse Collar
42:35 Bow Saw
44:29 Thumb Ring
45:52 Hand Cart
49:42 Imperial Age
50:11 Onager
IA (versión en CD)
5:04 Loom
15:31 Feudal Age
19:44 Castle Age
18:06 Double-Bit Axe
19:29 Fletching
21:36 Bow Saw
22:33 Bodkin Arrow
28:28 Town Watch
29:20 Wheelbarrow
28:30 Horse Collar
37:14 Imperial Age
35:54 Devotion
36:06 Redemption
46:46 Conscription
48:21 Town Patrol
Teutonio
5:52 Loom
13:05 Feudal Age
13:43 Double-Bit Axe
13:45 Town Watch
14:24 Fishing Lines
21:18 Castle Age
22:11 Medium Warships
23:33 Bow Saw
23:15 Gillnets
26:02 Horse Collar
29:29 Wheelbarrow
28:56 Heavy Plow
31:00 Hand Cart
31:21 Ballistics
31:05 Fletching
31:38 Padded Archer Armor
31:57 Bodkin Arrow
32:20 Gold Mining
36:57 Imperial Age
34:54 Thumb Ring
35:31 Leather Archer Armor
35:17 Stone Mining
37:39 Bracer
38:41 Chemistry
38:25 Ring Archer Armor
37:52 Siege Elephant
38:48 Elite Elephant Archer
elpanchovilla14
4:18 Loom
32:09 Feudal Age
32:33 Double-Bit Axe
33:34 Fishing Lines
38:28 Gold Mining
42:45 Castle Age
43:27 Bow Saw
43:11 Gillnets
44:26 Wheelbarrow
44:38 Town Watch
46:05 Fletching
50:05 Imperial Age
48:19 Scale Barding Armor
48:25 Forging
49:20 Chain Barding Armor
49:36 Horse Collar
50:59 Plate Barding Armor
52:19 Iron Casting
52:00 Bloodlines
51:13 Cavalier
52:43 Husbandry
53:00 Hand Cart
53:07 Conscription
ramax
10:36 Loom
12:49 Feudal Age
13:35 Town Watch
13:40 Double-Bit Axe
20:19 Castle Age
18:44 Fletching
20:22 Crossbowman
20:58 Bodkin Arrow
29:28 Padded Archer Armor
33:32 Bow Saw
35:43 Leather Archer Armor
37:49 Wheelbarrow
44:53 Imperial Age
45:42 Thumb Ring
46:01 Bracer
45:22 Arbalester
46:32 Paper Money
48:12 Chemistry
47:33 Ballistics
47:44 Horse Collar
48:35 Capped Ram
49:12 Arbalester
51:19 Heavy Plow
52:21 Two-Man Saw
52:04 Hand Cart
Connection lost

Rejoining the realm…

Still unreachable

The connection could not be restored.

Session expired

The server has moved on; the page needs a fresh start.